 Dungeon Crawl Stone Soup version 0.28.0-53-g5a82cb258f (webtiles) character file.

Game seed: 971824442828585045

2007 PentaManta the Martial Artist (level 9, 0/68 HPs)
             Began as a Merfolk Transmuter on June 6, 2022.
             Was an Initiate of Makhleb.
             Killed from afar by an electric eel (11 damage)
             ... with a bolt of electricity
             ... on level 7 of the Dungeon.
             The game lasted 00:21:35 (11660 turns).

PentaManta the Martial Artist (Merfolk Transmuter) Turns: 11660, Time: 00:21:36

Health: 0/68       AC:  2    Str: 11    XL:     9   Next: 22%
Magic:  15/15      EV: 25    Int: 16    God:    Makhleb [......]
Gold:   42         SH:  0    Dex: 19    Spells: 6/16 levels left

rFire   . . .      SeeInvis .     - Unarmed
rCold   . . .      Faith    .   (shield currently unavailable)
rNeg    + . .      Spirit   .   (armour currently unavailable)
rPois   x          Reflect  .   (helmet currently unavailable)
rElec   .          Harm     .   (cloak currently unavailable)
rCorr   +          Rampage  +   (gloves currently unavailable)
Will    .....                   (boots currently unavailable)
Stlth   +.........              y - amulet of Understanding {RegenMP Rampage rN+}
HPRegen 0.21/turn               c - ring of resist corrosion
MPRegen 0.54/turn               (no ring)

@: spider-form, very slow
A: venomous fangs, tiny, (nimble swimmer 2), (mertail)
a: End Transformation, Renounce Religion


You were on level 7 of the Dungeon.
You worshipped Makhleb.
Makhleb was noncommittal.
You were a venomous arachnid creature.
You visited 2 branches of the dungeon, and saw 8 of its levels.

You collected 231 gold pieces.
You spent 189 gold pieces at shops.

Inventory:

Hand Weapons
 F - the +8 woodcutter's axe {vorpal}
   (You found it on level 6 of the Dungeon)

   It inflicts extra damage upon your enemies.
Missiles
 i - 3 atropa-tipped darts
 t - 128 stones
 H - 12 poisoned darts
Armour
 a - a +0 robe (melded)
 k - a +0 cloak (melded)
 p - a +0 pair of gloves (melded)
 v - a +0 tower shield
 A - a +1 helmet (melded)
Jewellery
 c - a ring of resist corrosion (left front leg)
 y - the amulet of Understanding (around neck) {RegenMP Rampage rN+}
   (You found it on level 5 of the Dungeon)

   [amulet of magic regeneration]

   It increases your rate of magic regeneration.
   rN:        It protects you from negative energy.
   Rampage:   It bestows one free step when moving towards enemies.
 I - a ring of ice
Wands
 x - a wand of mindburst (8)
 z - a wand of iceblast (3)
 D - a wand of paralysis (12)
 E - a wand of digging (6)
Scrolls
 d - a scroll of enchant weapon
 g - 4 scrolls of teleportation
 h - a scroll of vulnerability
 j - a scroll of holy word
 n - a scroll of blinking
 G - 2 scrolls of identify
Potions
 b - 2 potions of heal wounds
 e - 2 potions of might
 f - 2 potions of haste
 l - 2 potions of berserk rage
 o - a potion of lignification
 q - a potion of cancellation
 r - 2 potions of ambrosia
 s - a potion of resistance
 w - a potion of flight
 B - a potion of brilliance
 J - a potion of curing
 K - a potion of mutation


   Skills:
 - Level 5.0 Fighting
 + Level 7.1 Dodging
 * Level 8.6 Unarmed Combat
 - Level 4.1 Spellcasting
 - Level 7.0 Transmutations


You had 6 spell levels left.
You knew the following spells:

 Your Spells              Type           Power      Damage    Failure   Level
a - Beastly Appendage     Tmut           50%        N/A       4%          1
b - Spider Form           Tmut/Pois      14%        N/A       28%         3
c - Wereblood             Tmut           25%        N/A       6%          2
d - Ice Form              Ice/Tmut       14%        N/A       58%         4

Your spell library contained the following spells:

 Spells                   Type           Power      Damage    Failure   Level
 Ensorcelled Hibernation  Hex/Ice        6%         N/A       47%         2
 Alistair's Intoxication  Tmut/Pois      9%         N/A       88%         5
 Anguish                  Hex/Necr       1%         N/A       95%         4
 Borgnjor's Vile Clutch   Necr/Erth      1%         N/A       100%        5
 Eringya's Noxious Bog    Tmut/Pois      7%         N/A       100%        6


Dungeon Overview and Level Annotations

Branches:
Dungeon (7/15)             Temple (1/1) D:7

Altars:
Ashenzari
Dithmenos
Elyvilon
Fedhas
Gozag
Hepliaklqana
Kikubaaqudgha
Makhleb
Nemelex Xobeh
Okawaru
Qazlal
Ru
Sif Muna
Uskayaw
Vehumet
Wu Jian
Xom
Yredelemnul
Zin
The Shining One

Shops:
D:6 *   D:7 *([

Annotations:
D:4 exclusion: 2 goblins
D:7 1 runed translucent door, Crazy Yiuf


Innate Abilities, Weirdness & Mutations

You are a venomous arachnid creature.
You have poisonous fangs.
You are tiny and dextrous.
Your spellcasting is less reliable in this form.
Your armour is entirely melded.
You are incapable of wielding weapons or throwing items.
((You are very nimble when in or above water. (Stealth+, EV+, Speed+++)))
((Your lower body shifts to a powerful aquatic tail in water.))


Message History

An electric eel is nearby!
You turn into a venomous arachnid creature.
Your +0 cloak melds into your body.
Your +1 helmet melds into your body.
Your +0 pair of gloves melds into your body.
Your +0 robe melds into your body.
The electric eel shoots out a bolt of lightning at you!
The bolt of electricity misses you.
The electric eel shoots out a bolt of lightning at you!
The bolt of electricity misses you.
The electric eel shoots out a bolt of lightning at you!
The bolt of electricity hits you!
You rampage towards the electric eel!
Found a plate armour.
You bite the electric eel!
The electric eel looks as sick as possible!
The electric eel is severely wounded.
You bite the electric eel!
You kill the electric eel!
Makhleb accepts your kill.
You hear a splash.
You enter the shallow water.
Moving in this stuff is going to be slow.
You see here an electric eel corpse.
You enter the shallow water.
Moving in this stuff is going to be slow.
An electric eel comes into view.
The electric eel moves out of view.
The electric eel shoots out a bolt of lightning at you!
The bolt of electricity hits you!
The electric eel shoots out a bolt of lightning at you!
The bolt of electricity misses you.
The electric eel shoots out a bolt of lightning at you!
The bolt of electricity hits you!
The electric eel shoots out a bolt of lightning at you!
The bolt of electricity hits you!
* * * LOW HITPOINT WARNING * * *
The bolt of electricity hits the plant!
The plant begins to die.
You hit the electric eel but do no damage.
The electric eel shoots out a bolt of lightning at you!
The bolt of electricity hits you!
You die...

#.≈≈≈≈†≈..# ♣.∩.≈≈.8.♣#
#..≈≈≈≈...# ♣...≈≈...♣#
#...≈≈≈...# ♣.∩.≈≈.8.♣#
##.≈≈≈≈≈..# ♣...≈≈...♣#
#..≈≈≈P.## ♣.∩.≈≈.8.♣#
##.≈≈≈≈..## ♣...≈≈...♣#
#..[≈≈P≈..# ♣♣♣.≈≈.♣♣♣#
#...≈≈≈≈≈.#####.≈≈.####
#..≈≈≈s≈≈.......≈≈.....
#..P≈≈S≈.......#≈≈.....
#..≈≈≈≈.≈≈.....'≈≈..>..
#...≈≈≈≈≈≈.....#≈≈.....
##..≈≈≈≈≈......########
#.≈≈≈≈≈≈≈≈..#****
#.≈≈≈≈≈≈.≈...,,,*
#.≈≈P≈≈≈≈...#**,*
*,,≈≈,≈≈≈,,,,**,*


You could see an electric eel.

Vanquished Creatures
  3 sky beasts
  A necrophage (D:5)
  2 ogres
  2 phantoms
  A kobold brigand (D:7)
  2 bullfrogs
  A wyvern zombie (D:7)
  2 scorpions
  A water moccasin zombie (D:5)
  2 water moccasin skeletons
  3 electric eels (D:7)
  An orc priest (D:5)
  2 hounds
  A centaur skeleton (D:7)
  2 jellies
  3 iguanas
  5 orc wizards
  3 killer bee zombies
  7 gnolls
  6 adders
  A shadow imp (D:7)
  A white imp (D:6)
  2 ufetubi (D:5)
  An adder zombie (D:5)
  2 worms
  A dart slug (D:1)
  15 orcs
  7 ball pythons
  8 endoplasms
  4 giant cockroaches
  10 goblins
  3 hobgoblins
  3 quokkas
  6 bats
  5 frilled lizards
  6 kobolds
  3 rats
128 creatures vanquished.

Vanquished Creatures (others)
  11 plants (D:7)
11 creatures vanquished.

Grand Total: 139 creatures vanquished

Notes
Turn   | Place    | Note
-------+----------+-------------------------------------------
     0 | D:1      | PentaManta the Merfolk Transmuter began the quest for the
                  | Orb.
     0 | D:1      | Reached XP level 1. HP: 15/15 MP: 3/3
   169 | D:1      | Reached XP level 2. HP: 13/21 MP: 3/5
   905 | D:1      | Reached XP level 3. HP: 22/26 MP: 4/6
  2315 | D:2      | Reached XP level 4. HP: 32/32 MP: 6/8
  2451 | D:3      | Learned a level 3 spell: Spider Form
  2766 | D:2      | Found a faded altar of an unknown god.
  3244 | D:3      | Reached skill level 5 in Transmutations
  3249 | D:3      | Reached XP level 5. HP: 5/37 MP: 7/10
  4991 | D:3      | Found a hazy altar of Hepliaklqana.
  5069 | D:4      | Reached XP level 6. HP: 25/43 MP: 7/12
  5955 | D:4      | Found an iron altar of Okawaru.
  6710 | D:4      | Found a glowing golden altar of the Shining One.
  6778 | D:4      | Reached XP level 7. HP: 25/52 MP: 10/13
  7214 | D:5      | Entered Level 5 of the Dungeon
  7591 | D:5      | Reached skill level 5 in Fighting
  7854 | D:5      | Identified the amulet of Understanding {RegenMP Rampage
                  | rN+}
  7933 | D:5      | Reached skill level 4 in Unarmed Combat
  8568 | D:4      | Reached XP level 8. HP: 27/62 MP: 14/14
  8752 | D:5      | Reached skill level 5 in Unarmed Combat
  9062 | D:5      | Found an ancient bone altar of Kikubaaqudgha.
  9470 | D:5      | HP: 3/62 [ufetubus (2)]
  9485 | D:5      | Reached skill level 5 in Dodging
  9485 | D:5      | Reached skill level 6 in Unarmed Combat
  9793 | D:6      | Found Lucsigid's Overcharged Wands.
 10098 | D:6      | Found the +8 woodcutter's axe {vorpal}
 10331 | D:7      | Reached skill level 7 in Unarmed Combat
 10335 | D:7      | Learned a level 2 spell: Wereblood
 10340 | D:7      | Learned a level 4 spell: Ice Form
 10557 | D:7      | Reached XP level 9. HP: 68/68 MP: 15/15
 10582 | D:7      | Found a staircase to the Ecumenical Temple.
 10604 | Temple   | Entered the Ecumenical Temple
 10630 | Temple   | Became a worshipper of Makhleb the Destroyer
 10786 | D:7      | Found a runed translucent door.
 10787 | D:7      | Noticed Crazy Yiuf
 11027 | D:7      | Reached skill level 8 in Unarmed Combat
 11560 | D:7      | Found Zairph's Antique Armour Emporium.
 11561 | D:7      | Found Fuecymo's Weapon Shoppe.
 11563 | D:7      | Found Plog's Assorted Antiques.
 11571 | D:7      | Bought a scroll of identify for 48 gold pieces
 11571 | D:7      | Bought a glowing white potion for 21 gold pieces
 11571 | D:7      | Bought a scroll of identify for 48 gold pieces
 11571 | D:7      | Bought a scroll of teleportation for 72 gold pieces
 11660 | D:7      | Killed from afar by an electric eel

Illustrated notes

Levels and vault maps discovered:
D:1:      amcnicky_arrival_blooded_trapdoor, layout_loops_corners
D:2:      layout_rooms, dreamdust_ecumenical_altar_hidden_monk_grotto,
          minmay_misc_feat_chi
D:3:      layout_loops_ring, worldfamousw_hep_ancestral_shrine,
          grunt_ministairs_2
D:4:      layout_gridville, old_standard_altar, kennysheep_okawaru_gauntlet,
          chequers_serial_rivers_large_a, st_stairs_13, grunt_ministairs_8
D:5:      layout_loops_ring, kennysheep_mini_moat, grunt_ministairs_12
D:6:      layout_rooms, nicolae_shop_overcharged_wands
D:7:      layout_basic, minmay_temple_entry_mist, serial_shops,
          nicolae_diamond_shop, nicolae_wooded_promenade, chequers_big_river,
          st_stairs_4, eino_curves_01, uniq_crazy_yiuf_cottage
Temple:   regret_index_temple_sphere_string

Skill      XL: |  1  2  3  4  5  6  7  8  9 |
---------------+----------------------------+-----
Transmutations | 3 4 5 6 7 |  7.0
Spellcasting   | 3 4 |  4.1
Fighting       | 3 5 |  5.0
Dodging        | 4 6 7 |  7.1
Unarmed Combat | 4 7 8 |  8.6

Action                   |  1- 3 |  4- 6 |  7- 9 || total
-------------------------+-------+-------+-------++-------
Melee: Unarmed           |   101 |   164 |   259 ||   524
       Headbutt          |    20 |     5 |       ||    25
       Punch             |       |     2 |       ||     2
Throw: Dart              |       |       |     1 ||     1
 Cast: Beastly Appendage |    31 |    13 |     1 ||    45
       Spider Form       |       |    21 |    34 ||    55
 Abil: End Transformatio |       |     1 |       ||     1
  Use: Scroll            |       |       |    19 ||    19
       Potion            |       |       |     3 ||     3
 Stab: Sleeping          |     2 |     1 |     1 ||     4
Armor: Robe              |    24 |    18 |    10 ||    52
       Skin              |       |     1 |    13 ||    14
Dodge: Dodged            |    51 |   113 |   225 ||   389
